 Dungeon Crawl Stone Soup version 0.29.1-15-g9cfb28693d (webtiles) character file.

Game seed: 7151828184871113129

128 Sanktem7 the Conjurer (level 4, 0/25 HPs)
             Began as a Deep Elf Conjurer on Mar 3, 2023.
             Slain by an orc wizard
             ... wielding a +0 dagger
              (4 damage)
             ... on level 3 of the Dungeon.
             The game lasted 00:13:54 (3232 turns).

Sanktem7 the Conjurer (Deep Elf Conjurer)           Turns: 3232, Time: 00:13:54

Health: 0/25       AC:  3    Str:  4    XL:     4   Next: 86%
Magic:  1/12       EV: 13    Int: 31    God:
Gold:   176        SH:  0    Dex: 13    Spells: 10/12 levels left

rFire   . . .      SeeInvis .   e - +0 whip {mace}
rCold   . . .      Faith    .   (no shield)
rNeg    . . .      Spirit   .   a - +0 robe
rPois   .          Reflect  .   (no helmet)
rElec   .          Harm     .   (no cloak)
rCorr   .          Rampage  +   (no gloves)
Will    .....                   k - +0 pair of boots {rampage}
Stlth   ++........              (no amulet)
HPRegen 0.08/turn               o - ring of flight
MPRegen 0.13/turn               p - +6 ring of intelligence

@: flying
A: no striking features
a: no special abilities


You were on level 3 of the Dungeon.
You visited 1 branch of the dungeon, and saw 4 of its levels.

You collected 176 gold pieces.


   Skills:
 + Level 1.2 Fighting
 + Level 3.2 Dodging
 + Level 3.4 Stealth
 * Level 4.6 Spellcasting
 - Level 5.0 Conjurations


You had 10 spell levels left.
You knew the following spells:

 Your Spells              Type           Power      Damage    Failure   Level
a - Magic Dart            Conj           100%       1d8       1%          1
b - Foxfire               Conj/Fire      88%        2x1d8     1%          1

Your spell library contained the following spells:

 Spells                   Type           Power      Damage    Failure   Level
 Searing Ray              Conj           76%        2d7       1%          2
 Dazzling Flash           Conj/Hex       44%        N/A       6%          3
 Ozocubu's Armour         Ice            7%         N/A       17%         3
 Fulminant Prism          Conj/Hex       11%        3d9       21%         4
 Iskenderun's Mystic Bla  Conj/Tloc      22%        2d6       21%         4
 Summon Ice Beast         Ice/Summ       7%         N/A       50%         4
 Summon Mana Viper        Hex/Summ       7%         N/A       85%         5
 Monstrous Menagerie      Summ           3%         N/A       100%        7
 Ozocubu's Refrigeration  Ice            3%         4d8       100%        7

Inventory:

Hand Weapons
 e - a +0 whip (weapon) {mace}
   (You found it on level 1 of the Dungeon)
Missiles
 i - 23 stones {throwing}
 l - 5 datura-tipped darts {throwing}
Armour
 a - a +0 robe (worn)
 k - a +0 pair of boots of rampaging (worn)
   (You found it on level 1 of the Dungeon)
Jewellery
 o - a ring of flight (left hand)
   (You found it on level 2 of the Dungeon)
 p - a +6 ring of intelligence (right hand)
   (You found it on level 2 of the Dungeon)
Wands
 q - a wand of acid (12)
   (You found it on level 3 of the Dungeon)
Scrolls
 c - a scroll of brand weapon {unknown}
 d - 6 scrolls of identify {unknown}
 g - 3 scrolls of silence {unknown}
 j - a scroll of fear {unknown}
 m - a scroll of teleportation {unknown}
 n - a scroll of torment {unknown}
Potions
 b - a potion of magic
 r - 2 potions of curing {unknown}

Dungeon Overview and Level Annotations

Branches:
Dungeon (4/15) Zot: 20741
 Temple: D:4-7

Altars:

Shops:
D:2 * D:3

[ #.=..##
##.#..# #.##.#
####### #.##.#
......###
#.##.#
#####...##
#.##.#
###..####.##.#
##....#.##o#
####....)@#
###.#### #.#
#.# #.#
#.#########
#....)....#
#.........#
#.........#


You could see an orc wizard.


Message History

You conjure some foxfire!
The foxfire hits the orc wizard.
The orc barely misses you. 😕 MP[-1]
You lost 1 mp, and now have 7/12 mp.
Casting: Foxfire (safe; 1% risk of failure)
Confirm with . or Enter, or press ? or * to list all spells.
Aiming: Magic Dart (safe; 1% risk of failure)
Press: ? - help, Shift-Dir - straight line, f/p - orc
Aim: an orc, wielding a +1 hand axe of electrocution and wearing a +0 scale mail (100% to hit)
The magic dart hits the orc but does no damage.
The orc hits you with a +1 hand axe of electrocution! 😮 HP[-7] MP[-1]
You take 7 damage, and now have 15/25 hp.
MASSIVE DAMAGE!! (PAUSE)
You lost 1 mp, and now have 6/12 mp.
The orc hits you with a +1 hand axe of electrocution.
The orc wizard hits you but does no damage.
You fly upwards.
There is a stone staircase leading down here. 😮 HP[-2] MP[+1]
You take 2 damage, and now have 13/25 hp.
Casting: Magic Dart (safe; 1% risk of failure)
Confirm with . or Enter, or press ? or * to list all spells.
Aiming: Magic Dart (safe; 1% risk of failure)
Press: ? - help, Shift-Dir - straight line, f - orc
Aim: an orc, wielding a +1 hand axe of electrocution and wearing a +0 scale mail (100% to hit)
The magic dart hits the orc but does no damage.
The orc misses you.
The orc wizard hits you with a +0 dagger.
* * * LOW HITPOINT WARNING * * *
😨 HP[-2] MP[-1]
You take 2 damage, and now have 11/25 hp.
You lost 1 mp, and now have 6/12 mp.
Casting: Magic Dart (safe; 1% risk of failure)
Confirm with . or Enter, or press ? or * to list all spells.
Aiming: Magic Dart (safe; 1% risk of failure)
Press: ? - help, Shift-Dir - straight line, f/p - orc
Aim: an orc, wielding a +1 hand axe of electrocution and wearing a +0 scale mail (100% to hit)
The magic dart hits the orc.
The orc barely misses you.
The orc wizard closely misses you. 😨 MP[-1]
You lost 1 mp, and now have 5/12 mp.
Casting: Magic Dart (safe; 1% risk of failure)
Confirm with . or Enter, or press ? or * to list all spells.
Aiming: Magic Dart (safe; 1% risk of failure)
Press: ? - help, Shift-Dir - straight line, f/p - orc
Aim: an orc, wielding a +1 hand axe of electrocution and wearing a +0 scale mail (moderately wounded, 100% to hit)
The magic dart hits the orc.
You kill the orc!
The orc wizard hits you but does no damage.
Training target 5.0 for Conjurations reached!
Your Conjurations skill increases to level 5! 😨 MP[-1]
You lost 1 mp, and now have 4/12 mp.
Casting: Magic Dart (safe; 1% risk of failure)
Confirm with . or Enter, or press ? or * to list all spells.
Aiming: Magic Dart (safe; 1% risk of failure)
Press: ? - help, Shift-Dir - straight line, f - orc wizard
Aim: an orc wizard, wielding a +0 dagger and wearing a +0 robe (moderately wounded, 100% to hit)
The magic dart hits the orc wizard.
The orc wizard points at you and mumbles some strange words.
The puff of flame hits you.
* * * LOW HITPOINT WARNING * * *
😨 HP[-4] MP[-1]
You take 4 damage, and now have 7/25 hp.
You lost 1 mp, and now have 3/12 mp.
Casting: Magic Dart (safe; 1% risk of failure)
Confirm with . or Enter, or press ? or * to list all spells.
Aiming: Magic Dart (safe; 1% risk of failure)
Press: ? - help, Shift-Dir - straight line, f/p - orc wizard
Aim: an orc wizard, wielding a +0 dagger and wearing a +0 robe (moderately wounded, 100% to hit)
The magic dart hits the orc wizard.
The orc wizard casts a spell at you. You resist with some effort. 😨 MP[-1]
You lost 1 mp, and now have 2/12 mp.
Casting: Magic Dart (safe; 1% risk of failure)
Confirm with . or Enter, or press ? or * to list all spells.
Aiming: Magic Dart (safe; 1% risk of failure)
Press: ? - help, Shift-Dir - straight line, f/p - orc wizard
Aim: an orc wizard, wielding a +0 dagger and wearing a +0 robe (heavily wounded, 100% to hit)
The magic dart hits the orc wizard but does no damage.
The orc wizard hits you but does no damage. 😨 MP[-1]
You lost 1 mp, and now have 1/12 mp.
Casting: Magic Dart (safe; 1% risk of failure)
Confirm with . or Enter, or press ? or * to list all spells.
Aiming: Magic Dart (safe; 1% risk of failure)
Press: ? - help, Shift-Dir - straight line, f/p - orc wizard
Aim: an orc wizard, wielding a +0 dagger and wearing a +0 robe (heavily wounded, 100% to hit)
The magic dart hits the orc wizard.
The orc wizard hits you with a +0 dagger.
* * * LOW HITPOINT WARNING * * *
😱 HP[-3]
You take 3 damage, and now have 4/25 hp.
You hit the orc wizard but do no damage.
The orc wizard barely misses you.
You hit the orc wizard.
The orc wizard hits you with a +0 dagger.
You die...

Skill      XL: |  1  2  3  4 |
---------------+-------------+-----
Stealth        | 3 |  3.4
Fighting       | 1 |  1.2
Spellcasting   | 4 |  4.6
Dodging        | 3 |  3.2
Conjurations   | 5 |  5.0

Action                   |  1- 3 |  4- 6 || total
-------------------------+-------+-------++-------
Melee: Whip              |     2 |     3 ||     5
 Cast: Magic Dart        |    82 |    56 ||   138
       Foxfire           |       |     5 ||     5
Armor: Robe              |     4 |     6 ||    10
Dodge: Dodged            |     7 |    12 ||    19

Levels and vault maps discovered:
D:1:      dpeg_arrival_oval, layout_basic, shapermc_ecumenical_altar_rom_forum,
          serial_bayou_lagoon_b
D:2:      layout_rooms, serial_shops, nicolae_shop_competitors_out_of_business,
          wander_ebering_terrifying_dragon_lair, uniq_terence
D:3:      layout_rooms, serial_shops, nicolae_square_shop, minmay_puff
D:4:      layout_gridville, minmay_temple_entry_waves, uniq_blork_the_orc,
          uniq_eustachio

Notes
Turn   | Place    | Note
-------+----------+-------------------------------------------
     0 | D:1      | Sanktem7 the Deep Elf Conjurer began the quest for the Orb.
     0 | D:1      | Reached XP level 1. HP: 10/10 MP: 6/6
     0 | D:1      | magus.rc [v1.9.6]
   330 | D:1      | Found a faded altar of an unknown god.
   338 | D:1      | Got Plato's Vellum of the Volcanoes
   445 | D:1      | Reached XP level 2. HP: 15/15 MP: 6/8
   546 | D:1      | You add the spells Ozocubu's Armour and Ozocubu's
                  | Refrigeration to your library.
  1269 | D:2      | Reached skill level 3 in Stealth
  1269 | D:2      | Reached XP level 3. HP: 20/20 MP: 5/10
  1424 | D:2      | You pick up a book of Beasts and begin reading...
  1424 | D:2      | You add the spells Summon Ice Beast, Summon Mana Viper and
                  | Monstrous Menagerie to your library.
  1426 | D:2      | Found Ruheh's Assorted Antiques.
  1727 | D:2      | Reached skill level 1 in Fighting
  1727 | D:2      | Reached skill level 4 in Spellcasting
  1837 | D:2      | Noticed Terence
  1838 | D:2      | Reached XP level 4. HP: 25/25 MP: 3/12
  1886 | D:2      | HP: 3/25 [Terence/+0 flail (4)]
  1887 | D:2      | Killed Terence
  1888 | D:2      | Reached skill level 3 in Dodging
  2629 | D:3      | Learned a level 1 spell: Foxfire
  2746 | D:3      | Found Ugaetsol's Armour Emporium.
  3227 | D:3      | Reached skill level 5 in Conjurations
  3230 | D:3      | HP: 4/25 [orc wizard/+0 dagger (3)]
  3232 | D:3      | Slain by an orc wizard

Vanquished Creatures
  Terence (D:2)
  3 adders
  2 worms (D:2)
  6 orcs (D:3)
  9 ball pythons
  8 bats
  5 endoplasms (D:1)
  3 giant cockroaches (D:1)
  3 goblins
  3 hobgoblins
  2 jackals (D:2)
  4 kobolds
  2 quokkas
  3 frilled lizards
  7 rats
61 creatures vanquished.

Vanquished Creatures (others)
  3 foxfires
3 creatures vanquished.

Grand Total: 64 creatures vanquished

Table legend:
 A = Non-vault XP
 B = Vault XP
 C = Vault XP percentage of total XP
 D = Non-vault monster count
 E = Vault monster count
 F = Vault count percentage of total count
                 A         B        C        D         E       F
            +---------+---------+-------+---------+---------+-------
      Total |     129 |      54 |  29.5 |      55 |       6 |   9.8
            +---------+---------+-------+---------+---------+-------
        D:1 |      37 |       0 |   0.0 |      21 |       0 |   0.0
        D:2 |      62 |      37 |  37.4 |      21 |       2 |   8.7
        D:3 |      29 |      17 |  37.0 |      12 |       4 |  25.0
        D:4 |       1 |       0 |   0.0 |       1 |       0 |   0.0
            +---------+---------+-------+---------+---------+-------

Illustrated notes

Table legend:
 A = Kills in this place as a percentage of kills in entire the game.
 B = Kills by you in this place as a percentage of kills by you in the entire game.
 C = Kills by friends in this place as a percentage of kills by friends in the entire game.
 D = Other kills in this place as a percentage of other kills in the entire game.
 E = Experience gained in this place as a percentage of experience gained in the entire game.
 F = Experience gained in this place divided by the number of levels of this place that you have seen.
                   A       B       C       D       E      F
               +-------+-------+-------+-------+-------+----------------------
         Total | 100.0 | 100.0 |   N/A |   N/A | 100.0 |  45.8
       Dungeon | 100.0 | 100.0 |   N/A |   N/A | 100.0 |  45.8
               +-------+-------+-------+-------+-------+----------------------

Table legend: (Time is in decaauts)
 A = Elapsed time spent in this place.
 B = Non-inter-level travel time spent in this place.
 C = Inter-level travel time spent in this place.
 D = Time resting spent in this place.
 E = Time spent auto-exploring this place.
 F = Levels seen in this place.
 G = Mean time per level.
                   A        B        C        D        E       F      G
               +--------+--------+--------+--------+--------+-----+--------+
         Total |   3257 |   3194 |     63 |    340 |   2350 |   4 |  814.2 |
       Dungeon |   3257 |   3194 |     63 |    340 |   2350 |   4 |  814.2 |
               +--------+--------+--------+--------+--------+-----+--------+

Top non-repeatable levels by time:
     D:1: 1284 daAuts
     D:2: 1064 daAuts
     D:3: 892 daAuts
     D:4: 16 daAuts
